 Dungeon Crawl Stone Soup version 0.25-a0-835-gb37b1c2 (webtiles) character file.

Game seed: 4097803307949750217, levelgen mode: deterministic

225109 robertstho the Phalangite (level 19, -7/161 HPs)
             Began as a Merfolk Gladiator on Apr 23, 2020.
             Was an Elder of the Shining One.
             Shot with a sling bullet by a satyr (25 damage)
             ... on level 4 of the Shoals.
             The game lasted 01:32:21 (33378 turns).

robertstho the Phalangite (Merfolk Gladiator)      Turns: 33378, Time: 01:32:22

Health: -7/161     AC: 28    Str: 21    XL:     19   Next: 31%
Magic:  25/29      EV:  4    Int:  9    God:    the Shining One [****..]
Gold:   2106       SH: 20    Dex: 15    Spells: 18/18 levels left

rFire    + + +     SeeInvis .   v - +4 trident (protect)
rCold    + + .     Gourm    .   j - +1 tower shield {reflect}
rNeg     + + .     Faith    .   R - +3 gold dragon scales
rPois    +         Spirit   .   C - +2 helmet
rElec    .         Reflect  +   H - scarf {rC+ rF+}
rCorr    .         Harm     .   b - +0 pair of gloves
MR       +....                  u - +0 pair of boots (curse)
Stlth    ..........             h - amulet of regeneration
HPRegen  0.76/turn              (no ring)
MPRegen  0.21/turn              E - ring of protection from fire

@: hasted, glowing, very quick
A: change form in water, swift swim, stealthy swim
}: 1/15 runes: serpentine
a: Divine Shield, Cleansing Flame, Renounce Religion


You were on level 4 of the Shoals.
You worshipped the Shining One.
The Shining One was greatly pleased with you.
You were not hungry.

You visited 6 branches of the dungeon, and saw 32 of its levels.
You also visited: Ossuary.

You collected 2505 gold pieces.
You spent 399 gold pieces at shops.

Inventory:

Hand Weapons
 v - a +4 trident of protection (weapon)
 z - a +2 trident of venom
 K - a +2 demon trident of venom
Missiles
 d - 8 throwing nets (quivered)
 U - 5 curare-tipped darts
Armour
 b - a +0 pair of gloves (worn)
 j - a +1 tower shield of reflection (worn)
 l - +0 acid dragon scales
 u - a cursed +0 pair of boots (worn)
 C - a +2 helmet (worn)
 H - a scarf of resistance (worn)
 R - +3 gold dragon scales (worn)
Jewellery
 h - an amulet of regeneration (around neck)
 q - an uncursed ring of protection from cold
 w - a +2 ring of slaying
 x - an uncursed ring of flight
 E - a ring of protection from fire (right hand)
 M - an uncursed ring of fire
 P - an uncursed ring of fire
 W - an uncursed ring of magical power
Wands
 a - a wand of iceblast (2)
 p - a wand of disintegration (8)
 Q - a wand of acid (15)
 X - a wand of paralysis (2)
Scrolls
 e - 11 scrolls of magic mapping {unknown}
 g - a scroll of silence
 i - a scroll of fear
 k - 7 scrolls of immolation
 n - 14 scrolls of remove curse
 s - 3 scrolls of enchant weapon
 t - 7 scrolls of fog
 y - 6 scrolls of teleportation
 D - a scroll of enchant armour
 V - 2 scrolls of holy word
Potions
 c - 3 potions of stabbing
 m - a potion of cancellation
 r - 2 potions of magic
 A - 2 potions of flight
 B - 7 potions of lignification
 I - 5 potions of mutation
 J - a potion of ambrosia
 L - 2 potions of resistance
Comestibles
 f - 41 rations
 G - 4 chunks of flesh


   Skills:
 * Level 17.4 Fighting
 * Level 22.8 Polearms
 + Level 2.0 Throwing
 * Level 12.5 Armour
 + Level 6.0 Dodging
 + Level 13.0 Shields
 * Level 14.1 Invocations
 + Level 1.5 Evocations


You had 18 spell levels left.
You didn't know any spells.
Your spell library contained the following spells:

 Spells                   Type           Power        Failure   Level  Hunger
 Animate Skeleton         Necr           N/A          100%        1    ##.....
 Apportation              Tloc           #.....       100%        1    ##.....
 Corona                   Hex            #......      100%        1    ##.....
 Foxfire                  Conj/Fire      #...         100%        1    ##.....
 Magic Dart               Conj           #...         100%        1    ##.....
 Sandblast                Erth           #.....       100%        1    ##.....
 Summon Small Mammal      Summ           #...         100%        1    ##.....
 Call Imp                 Summ           #.......     100%        2    ###....
 Ensorcelled Hibernation  Hex/Ice        #.....       100%        2    ###....
 Passwall                 Tmut/Erth      #.......     100%        2    ###....
 Searing Ray              Conj           #.....       100%        2    ###....
 Slow                     Hex            #.......     100%        2    ###....
 Call Canine Familiar     Summ           #.......     100%        3    ####...
 Confusing Touch          Hex            #.......     100%        3    ####...
 Conjure Flame            Conj/Fire      #.......     100%        3    ####...
 Dazzling Flash           Conj/Hex       #.....       100%        3    ####...
 Inner Flame              Hex/Fire       #.......     100%        3    ####...
 Portal Projectile        Hex/Tloc       #.....       100%        3    ####...
 Stone Arrow              Conj/Erth      #.....       100%        3    ####...
 Summon Guardian Golem    Hex/Summ       #.......     100%        3    ####...
 Tukima's Dance           Hex            #.......     100%        3    ####...
 Cause Fear               Hex            #.........   100%        4    #####..
 Fulminant Prism          Conj/Hex       #.........   100%        4    #####..
 Iskenderun's Mystic Bla  Conj/Tloc      #.......     100%        4    #####..
 Leda's Liquefaction      Hex/Erth       #.........   100%        4    #####..
 Petrify                  Tmut/Erth      #.......     100%        4    #####..
 Sticky Flame             Conj/Fire      #.......     100%        4    #####..
 Summon Ice Beast         Ice/Summ       #.......     100%        4    #####..
 Summon Lightning Spire   Summ/Air       #.......     100%        4    #####..
 Bolt of Magma            Conj/Fire/Erth #.........   100%        5    ######.
 Fireball                 Conj/Fire      #.........   100%        5    ######.
 Iskenderun's Battlesphe  Conj/Chrm      #.......     100%        5    ######.
 Lee's Rapid Deconstruct  Erth           #.........   100%        5    ######.
 Silence                  Hex/Air        #.........   100%        5    ######.
 Yara's Violent Unravell  Hex/Tmut       #.........   100%        5    ######.
 Iron Shot                Conj/Erth      #.........   100%        6    #######
 Statue Form              Tmut/Erth      #........    100%        6    #######
 Orb of Destruction       Conj           #.........   100%        7    #######
 Spellforged Servitor     Conj/Summ      #.........   100%        7    #######
 Discord                  Hex            #.........   100%        8    #######
 Shatter                  Erth           #.........   100%        9    #######


Dungeon Overview and Level Annotations

Branches:
Dungeon (15/15)            Temple (1/1) D:4            Lair (6/6) D:11
 Shoals (4/4) Lair:3        Snake (4/4) Lair:4        Slime (0/5) Lair:6
    Orc (2/2) D:9          Vaults (0/5) D:13         Depths (0/5) D:15
Ossuary (visited)
    Elf: Orc:2

Altars:
Ashenzari
Cheibriados
Dithmenos
Elyvilon
Fedhas
Gozag
Hepliaklqana
Kikubaaqudgha
Makhleb
Nemelex Xobeh
Okawaru
Qazlal
Ru
Sif Muna
Trog
Uskayaw
Vehumet
Wu Jian
Xom
Yredelemnul
Zin
The Shining One
Beogh

Shops:
D:5 =(!   D:6 %   D:7 %[*}(   D:8 }   D:11 %   D:14 :   Shoals:2 }}:
Snake:1 =(   Snake:3 }[

Annotations:
D:6 2 transporters, drock42's ghost, novice DrAE
Lair:1 exclusion: orange crystal statue
Lair:5 exclusion: 4 oklob plants
Snake:1 2108 trident


Message History

The merfolk begs for mercy.
The faun unwields a +0 club.
The faun wields a +0 hunting sling.
The faun shoots a sling bullet.
The sling bullet hits you!
* * * LOW HITPOINT WARNING * * *
You see here a sling bullet.
As you read the scroll of fog, it crumbles to dust.
The scroll dissolves into smoke.
The merfolk appears out of thin air!
The satyr seems to regain its courage.
The satyr unwields a +0 spear.
The satyr wields a +0 fustibalus.
The satyr shoots a sling bullet.
The sling bullet hits you!
* * * LOW HITPOINT WARNING * * *
You see here a sling bullet.
Your legs become a tail as you enter the water.
Your cursed +0 pair of boots melds into your body.
You feel better.
Okay, then.
Your cursed +0 pair of boots unmelds from your body.
Found 14 bolts.
The satyr shoots a sling bullet.
The sling bullet hits you!!
You die...

≈≈≈≈≈≈≈≈≈ PP..≈≈ ≈≈
≈≈≈≈≈≈≈≈≈≈≈≈P##PP#..#..≈
≈≈≈≈≈≈≈≈....P.##≈#PP#.m.
≈≈≈≈≈≈≈..c..............
≈≈≈≈≈≈≈.....PP.......P..
≈≈≈≈≈≈..§..P....|...(P..
≈≈≈≈≈≈...§.P.......PPP..
≈≈≈≈≈≈...§§§§...@.......
≈≈≈≈≈....§§§#PP#.##.P...
≈≈≈≈≈....§§§#§.#PP# ...
≈≈(≈.(...§§§§§§.PPP. .
≈........§§§§c§......
....###...§§..§........
.).....#).....§........
..†.P..###........≈≈≈≈.
().....(.........c≈


You could see a satyr and a merfolk.

Vanquished Creatures
  Nikola (Snake:4)
  Asterion (Snake:3)
  Gastronok (Lair:2)
  11 nagarajas
  Louise (Shoals:2)
  Aizul (Snake:3)
  Azrael (Snake:1)
  3 merfolk javelineers
  A fire dragon (D:15)
  10 merfolk impalers
  2 ogre magi (D:15)
  Harold (Lair:2)
  7 hydras
  Erica (D:11)
  11 naga warriors
  2 death knights
  4 centaur warriors
  26 anacondas
  4 merfolk aquamancers (Shoals:2)
  A satyr (Shoals:3)
  A death yak (Lair:4)
  10 two-headed ogres
  2 merfolk avatars (Shoals:4)
  7 shock serpents
  A tengu warrior (D:13)
  Urug (D:11)
  An orc high priest (Orc:1)
  9 naga sharpshooters
  Nergalle (Lair:2)
  Sonja (Lair:5)
  4 salamander mystics
  3 unseen horrors
  A swamp dragon (Lair:6)
  A wizard (D:15)
  14 sea snakes
  14 naga ritualists
  3 lindwurms (Snake:4)
  5 harpies (Shoals:4)
  A phantasmal warrior (D:13)
  3 orc knights
  7 cyclopes
  4 deep elf magi
  14 ugly things
  11 fauns
  3 orc sorcerers
  7 salamanders
  13 mana vipers
  9 manticores
  8 elephants
  8 water nymphs
  A merfolk siren (Shoals:1)
  29 black mambas
  Maurice (D:13)
  14 naga magi
  9 guardian serpents
  3 gargoyles
  Maggie (D:9)
  6 spiny frogs
  7 komodo dragons
  An efreet (D:15)
  3 kobold demonologists
  3 rime drakes (Lair:6)
  3 freezing wraiths
  20 merfolk
  4 trolls
  3 harpy zombies (Shoals:4)
  3 slime creatures (D:13)
  8 wind drakes
  Prince Ribbit (D:6)
  A hornet (D:12)
  18 dream sheep
  14 blink frogs
  10 snapping turtles
  12 hippogriffs
  2 shadows (D:15)
  28 yaks
  A spriggan (D:7)
  3 fire elementals (Snake:1)
  16 humans
  2 wraiths
  4 wyverns
  3 basilisks
  A vampire (D:12)
  7 water elementals
  10 vampire mosquitoes
  3 hungry ghosts
  2 wargs (Orc:1)
  2 steam dragons
  An acid dragon (Lair:6)
  4 water moccasins
  32 nagas
  8 porcupines
  2 hell hounds
  A sky beast (D:11)
  2 ice beasts
  3 black bears
  2 phantoms (D:6)
  A swamp drake (Lair:6)
  A black bear (shapeshifter) (D:14)
  18 orc warriors
  5 boggarts (D:14)
  A necrophage (D:11)
  2 eyes of draining
  12 ogres
  6 wolves (Lair:6)
  20 centaurs
  18 crocodiles
  Blork the orc (D:4)
  A hippogriff zombie (Shoals:4)
  3 big kobolds
  16 bullfrogs
  2 wyvern zombies (D:14)
  4 scorpions
  6 killer bees
  A vampire bat (D:7)
  7 howler monkeys
  7 wights
  6 electric eels
  4 crimson imps
  4 bullfrog zombies
  4 centaur zombies
  A human zombie (Ossuary)
  2 bullfrog skeletons
  3 centaur skeletons
  5 jellies
  7 orc priests
  3 hounds
  6 iguanas
  Jessica (D:3)
  18 orc wizards
  A statue (D:4)
  10 worker ants
  2 big kobold zombies (Ossuary)
  2 hound skeletons
  4 mummies (Ossuary)
  2 worker ant zombies
  4 gnolls (D:10)
  7 adders
  A shadow imp (D:5)
  2 oozes
  An adder zombie (D:9)
  A worm (D:5)
  4 dart slugs
  3 leopard geckos
  49 orcs
  7 giant cockroaches
  9 goblins
  6 hobgoblins
  2 jackals (D:4)
  13 kobolds
  4 quokkas
  A ball python (D:4)
  13 bats
  8 frilled lizards
  2 goblin zombies (Ossuary)
  A hobgoblin zombie (Ossuary)
  A leopard gecko skeleton (D:6)
  2 quokka skeletons
  A quokka zombie (D:8)
  10 rats
  A fungus (Lair:6)
  A plant (Shoals:4)
942 creatures vanquished.

Vanquished Creatures (collateral kills)
  Vashnia (Snake:2)
  Jorgrun (Orc:1)
  3 nagarajas (Snake:4)
  A fire dragon (Lair:6)
  2 naga warriors
  A death yak (Lair:4)
  2 naga sharpshooters
  A salamander mystic (Snake:4)
  A naga ritualist (Snake:4)
  A lindwurm (Snake:4)
  A cyclops (Orc:1)
  3 elephants (Lair:6)
  A guardian serpent (Snake:4)
  A spiny frog (Lair:6)
  5 blink frogs (Lair:6)
  8 yaks (Lair:4)
  5 nagas
  An acid dragon (Lair:6)
  4 orc warriors (Orc:2)
  An ogre (Orc:1)
  An orc wizard (Orc:1)
  An orc (Orc:1)
46 creatures vanquished.

Vanquished Creatures (others)
  2 centaur warriors
  A satyr (Shoals:2)
  3 naga sharpshooters
  A salamander mystic (Snake:4)
  A wizard (D:14)
  A harpy (Shoals:4)
  2 fauns (Shoals:3)
  An ugly thing (D:15)
  A naga mage (Snake:1)
  A centaur skeleton (D:11)
  A dream sheep (Shoals:3)
  A naga (Snake:1)
  A hornet zombie (D:11)
  An electric eel (Snake:1)
  A shadow imp (D:14)
  3 kobolds (D:12)
  18 fungi
  47 plants
87 creatures vanquished.

Grand Total: 1075 creatures vanquished

Notes
Turn   | Place    | Note
-------+----------+-------------------------------------------
     0 | D:1      | robertstho the Merfolk Gladiator began the quest for the
                  | Orb.
     0 | D:1      | Reached XP level 1. HP: 16/16 MP: 1/1
    79 | D:1      | Reached XP level 2. HP: 18/23 MP: 2/2
   167 | D:1      | Reached skill level 5 in Polearms
   429 | D:1      | Reached XP level 3. HP: 28/28 MP: 3/3
   793 | D:2      | Found a blossoming altar of Fedhas.
  1315 | D:3      | Noticed Jessica
  1321 | D:3      | Killed Jessica
  1321 | D:3      | Reached skill level 6 in Polearms
  1321 | D:3      | Reached XP level 4. HP: 26/35 MP: 4/4
  1331 | D:3      | Found an ancient bone altar of Kikubaaqudgha.
  1447 | D:3      | Reached XP level 5. HP: 29/41 MP: 5/5
  1479 | D:3      | Reached skill level 7 in Polearms
  1612 | D:3      | Found a hazy altar of Hepliaklqana.
  1819 | D:3      | Found a shadowy altar of Dithmenos.
  1819 | D:3      | Noticed a shadow
  2027 | D:4      | Noticed Blork the orc
  2115 | D:4      | Reached skill level 1 in Armour
  2115 | D:4      | Reached XP level 6. HP: 31/47 MP: 6/6
  2198 | D:4      | Killed Blork the orc
  2198 | D:4      | Reached skill level 8 in Polearms
  2242 | D:4      | Found a radiant altar of Vehumet.
  2329 | D:4      | Found a snail-covered altar of Cheibriados.
  2377 | D:4      | Reached skill level 1 in Shields
  2377 | D:4      | Reached XP level 7. HP: 40/54 MP: 7/7
  2489 | D:4      | Found a staircase to the Ecumenical Temple.
  2548 | D:4      | Found a shattered altar of Ashenzari.
  2671 | Temple   | Entered the Ecumenical Temple
  2709 | Temple   | Became a worshipper of the Shining One
  2780 | D:4      | Reached skill level 9 in Polearms
  2956 | D:5      | Entered Level 5 of the Dungeon
  3087 | D:5      | Found an ornate altar of the Wu Jian Council.
  3135 | D:5      | Found Kosyni's Weapon Boutique.
  3151 | D:5      | Found Hagaesm's Distillery.
  3158 | D:5      | Bought a potion of flight for 36 gold pieces
  3158 | D:5      | Bought a potion of curing for 36 gold pieces
  3158 | D:5      | Bought a potion of lignification for 36 gold pieces
  3158 | D:5      | Bought a potion of might for 48 gold pieces
  3261 | D:5      | Found a sacrificial altar of Ru.
  3326 | D:5      | Reached skill level 1 in Invocations
  3534 | D:5      | Found an opulent altar of Gozag.
  3840 | D:5      | Found Ynan's Jewellery Boutique.
  4019 | D:6      | Reached skill level 10 in Polearms
  4019 | D:6      | Reached XP level 8. HP: 55/61 MP: 9/9
  4100 | D:6      | Found a transporter.
  4102 | D:6      | Found a transporter.
  4103 | D:6      | Noticed drock42's ghost (novice DrAE)
  4106 | D:6      | Noticed a queen bee
  4486 | D:6      | Found a burning altar of Makhleb.
  4530 | D:6      | Noticed Prince Ribbit
  4557 | D:6      | Reached * piety under the Shining One
  4690 | D:6      | Killed Prince Ribbit
  4690 | D:6      | Reached skill level 5 in Fighting
  4698 | D:6      | Found Nyrew's Food Shoppe.
  4791 | D:7      | Reached skill level 11 in Polearms
  4798 | D:7      | Found Sixyjour's Food Boutique.
  5004 | D:7      | Found Surphafy's Antique Armour Boutique.
  5036 | D:7      | Found Archilum's Gadget Emporium.
  5085 | D:7      | Reached XP level 9. HP: 68/68 MP: 11/11
  5090 | D:7      | Found a hide-covered altar of Uskayaw.
  5090 | D:7      | Noticed a +0 hand axe
  5091 | D:7      | Noticed a +0 hand axe
  5118 | D:7      | Found Rube's Assorted Antiques.
  5126 | D:7      | Bought a twisted scale mail for 243 gold pieces
  5136 | D:7      | Identified the +0 scale mail of Impermeability {+Fly rF+++
                  | rCorr Str-4} (You bought it in a shop on level 7 of the
                  | Dungeon)
  5179 | D:7      | Found Kuqot's Antique Weapon Shoppe.
  5187 | D:7      | Found a sand-covered staircase.
  5196 | Ossuary  | Entered an ossuary
  5277 | Ossuary  | Reached ** piety under the Shining One
  5477 | D:7      | Reached skill level 12 in Polearms
  5881 | D:8      | Reached skill level 5 in Dodging
  5931 | D:8      | Found Osylif's Gadget Boutique.
  6204 | D:8      | Reached *** piety under the Shining One
  6548 | D:8      | Reached skill level 13 in Polearms
  6900 | D:9      | Reached XP level 10. HP: 52/77 MP: 13/13
  6922 | D:9      | Found a staircase to the Orcish Mines.
  7065 | D:9      | Noticed Maggie
  7087 | D:9      | Killed Maggie
  7404 | D:9      | Found a shimmering altar of Xom.
  7547 | D:10     | Entered Level 10 of the Dungeon
  7556 | D:10     | Reached skill level 5 in Invocations
  7745 | D:10     | Reached skill level 14 in Polearms
  8174 | D:11     | Noticed Erica
  8174 | D:11     | Noticed Urug
  8247 | D:11     | Reached skill level 5 in Armour
  8297 | D:11     | Killed Erica
  8304 | D:11     | Noticed a gargoyle
  8309 | D:11     | Killed Urug
  8309 | D:11     | Reached XP level 11. HP: 51/86 MP: 11/15
  8653 | D:11     | Reached **** piety under the Shining One
  8669 | D:11     | Reached skill level 15 in Polearms
  8815 | D:11     | Got a faintly glowing jade amulet
  8816 | D:11     | Identified the amulet of the Mutiny {Faith *Slow rElec
                  | rN+++ Str+4} (You found it on level 11 of the Dungeon)
  8898 | D:11     | Found Zasuesok's Food Emporium.
  8937 | D:11     | Noticed a green ugly thing
  8947 | D:11     | Killed a green ugly thing
  8997 | D:11     | Noticed a death knight
  9348 | D:11     | Found a staircase to the Lair.
  9442 | D:11     | Killed a death knight
  9600 | D:11     | Noticed a cyan ugly thing
  9601 | D:11     | Noticed an unseen horror
  9620 | D:11     | Killed an unseen horror
  9656 | D:11     | Killed a cyan ugly thing
  9713 | D:12     | Reached skill level 16 in Polearms
  9720 | D:12     | Noticed a sun demon
  9822 | D:12     | Noticed a cyan ugly thing
  9824 | D:12     | Noticed a red ugly thing
  9848 | D:12     | Killed a cyan ugly thing
  9848 | D:12     | Reached XP level 12. HP: 85/96 MP: 9/16
  9876 | D:12     | Noticed a two-headed ogre
  9886 | D:12     | Killed a two-headed ogre
  9886 | D:12     | Reached skill level 5 in Shields
 10242 | D:13     | Found a gate to the Vaults.
 10242 | D:13     | Noticed a centaur warrior
 10242 | D:13     | Reached ***** piety under the Shining One
 10242 | D:13     | Noticed a two-headed ogre
 10242 | D:13     | Noticed a centaur warrior
 10242 | D:13     | Noticed Maurice
 10242 | D:13     | Noticed a two-headed ogre
 10317 | Lair:1   | Entered Level 1 of the Lair of Beasts
 10362 | Lair:1   | Reached skill level 10 in Fighting
 10769 | Lair:2   | Noticed Nergalle
 10797 | Lair:2   | Killed Nergalle
 10797 | Lair:2   | Reached skill level 17 in Polearms
 10799 | Lair:2   | Noticed Gastronok
 10830 | Lair:2   | Killed Gastronok
 11159 | Lair:2   | Noticed Harold
 11168 | Lair:2   | Killed Harold
 12127 | Lair:3   | Found a staircase to the Shoals.
 12411 | Lair:4   | Found a staircase to the Snake Pit.
 12485 | Lair:3   | Reached XP level 13. HP: 91/106 MP: 18/18
 12995 | Lair:4   | Reached skill level 18 in Polearms
 13437 | Lair:5   | Noticed Sonja
 13442 | Lair:5   | Killed Sonja
 14707 | Lair:6   | Entered Level 6 of the Lair of Beasts
 15093 | Lair:6   | Reached XP level 14. HP: 88/116 MP: 20/20
 15107 | Lair:6   | Found a staircase to the Slime Pits.
 15184 | Lair:6   | Reached skill level 19 in Polearms
 16426 | Orc:1    | Entered Level 1 of the Orcish Mines
 16439 | Orc:1    | Noticed Jorgrun
 16454 | Orc:1    | Killed Jorgrun
 16805 | Orc:2    | Entered Level 2 of the Orcish Mines
 16908 | Orc:2    | Found a roughly hewn altar of Beogh.
 16987 | Orc:2    | Paralysed by an orc sorcerer for 5 turns
 17016 | Orc:2    | The Shining One protects you from harm!
 17018 | Orc:2    | HP: 3/118 [orc priest/divine providence (11)]
 17022 | Orc:2    | Noticed an orc warlord
 17519 | D:13     | Killed Maurice
 17789 | D:13     | Reached XP level 15. HP: 120/124 MP: 22/22
 17813 | D:13     | Found a sacrificial altar of Ru.
 17879 | D:13     | Reached skill level 10 in Invocations
 18300 | D:13     | Reached skill level 20 in Polearms
 19208 | D:14     | Found Fuunkoiw's Book Shop.
 19543 | D:15     | Entered Level 15 of the Dungeon
 20045 | D:15     | Reached ****** piety under the Shining One
 20313 | D:15     | Reached skill level 10 in Armour
 20379 | D:15     | Found a staircase to the Depths.
 20431 | D:15     | Found a shadowy altar of Dithmenos.
 20702 | Snake:1  | Entered Level 1 of the Snake Pit
 21078 | Snake:1  | Noticed Azrael
 21115 | Snake:1  | Reached XP level 16. HP: 108/134 MP: 24/24
 21148 | Snake:1  | Killed Azrael
 21523 | Snake:1  | Reached skill level 15 in Fighting
 21797 | Snake:1  | Found Jacwugod's Antique Weapon Emporium.
 21797 | Snake:1  | Found Fitaxuqi's Jewellery Shoppe.
 22876 | Snake:2  | Reached skill level 21 in Polearms
 23180 | Snake:2  | Reached skill level 10 in Shields
 23949 | Snake:2  | Noticed Vashnia
 23987 | Snake:2  | Killed Vashnia
 24443 | Snake:3  | Found a sacrificial altar of Ru.
 24443 | Snake:3  | Noticed Asterion
 24471 | Snake:3  | Killed Asterion
 24640 | Snake:3  | Noticed a nagaraja
 24669 | Snake:2  | Killed a nagaraja
 24862 | Snake:3  | Noticed a nagaraja
 24928 | Snake:3  | Killed a nagaraja
 24928 | Snake:3  | Reached XP level 17. HP: 72/143 MP: 25/25
 25403 | Snake:3  | Found Peamoo's Antique Armour Boutique.
 25414 | Snake:3  | Noticed Aizul
 25443 | Snake:3  | Killed Aizul
 25701 | Snake:3  | Found Eqaoloon's Gadget Shoppe.
 25801 | Snake:4  | Entered Level 4 of the Snake Pit
 27151 | Snake:4  | Noticed Nikola
 27189 | Snake:4  | Killed Nikola
 27463 | Snake:3  | Reached skill level 22 in Polearms
 27463 | Snake:3  | Reached XP level 18. HP: 133/153 MP: 27/27
 29192 | Snake:4  | Got a serpentine rune of Zot
 29406 | Shoals:1 | Entered Level 1 of the Shoals
 30512 | Shoals:2 | Found Doweevud's Book Emporium.
 30611 | Shoals:2 | Found Toasiokk's Gadget Shoppe.
 30678 | Shoals:2 | Noticed Louise
 30987 | Shoals:2 | Killed Louise
 31513 | Shoals:2 | Found Zuuriaky's Gadget Shop.
 32612 | Shoals:4 | Entered Level 4 of the Shoals
 32646 | Shoals:4 | Reached XP level 19. HP: 133/161 MP: 29/29
 33255 | Shoals:4 | Reached skill level 1 in Evocations
 33310 | Shoals:4 | The Shining One protects you from harm!
 33329 | Shoals:4 | The Shining One protects you from harm!
 33357 | Shoals:4 | HP: 8/161 [sea snake (4)]
 33378 | Shoals:4 | Shot with a sling bullet by a satyr

Levels and vault maps discovered:
D:1:      minmay_arrival_open_corners, layout_basic
D:2:      layout_basic, lemuel_crystal_altar
D:3:      layout_loops_ring, overflow_temple_1_default,
          riverfiend_overflow_shadow_ancestor, first_ration, uniq_jessica
D:4:      layout_loops_cross, cheibriados_altar_1, vehumet_statue,
          kennysheep_mini, minmay_temple_entry_enclosed_plants,
          uniq_blork_the_orc
D:5:      layout_gridville, nicolae_ru_sacrificial_ziggurat,
          overflow_temple_1_default, nicolae_gozag_seed_capital, serial_shops,
          shop, shop_statue, kennysheep_mini_moat
D:6:      layout_gridville, makhleb_heckhound_becter, serial_shops,
          nicolae_shop_behind_doors, gammafunk_ghost_hive, abandoned_shop,
          uniq_prince_ribbit1
D:7:      layout_cave_pools, dancing_weapons_uskayaw,
          nicolae_ossuary_entry_monument, serial_shops, shop, shop,
          nicolae_shop_statue_plus, nicolae_shop_temple_entry_statues_fountains,
          nicolae_shop_competitors_out_of_business, roderic_batcave, the_bakery,
          st_stairs_1
D:8:      layout_basic, serial_shops, kennysheep_little_box
D:9:      layout_roguey, tgw_xom, david_orc_3, evilmike_butchery, uniq_maggie
D:10:     layout_irregular_city, hangedman_abyss_or_decor_lesser_grid,
          minmay_misc_feat_more_columns
D:11:     lemuel_flame_loot_2, layout_basic, grunt_lair_entry_orc_guard_hut,
          serial_shops, nicolae_shop_behind_doors, lightli_fourway_metalbox,
          uniq_erica, uniq_urug
D:12:     kennysheep_blocky_hall, layout_rooms
D:13:     layout_stronghold, david_vaults_3, basic_altar, uniq_maurice
D:14:     layout_rooms, serial_shops, shop, drop_trap, kennysheep_dice
D:15:     grunt_enter_depths_magical_seal, layout_long_grid,
          grunt_dithmenos_shadows
Temple:   kb_temple_of_zot
Lair:1:   layout_gridlike, gammafunk_ghost_cemetery, serial_bayou_ford_a,
          disabler_island
Lair:2:   layout_regular_city, uniq_gastronok, uniq_nergalle, uniq_harold
Lair:3:   layout_cave_pods, minmay_shoals_entry_centaurs
Lair:4:   layout_misc_corridors, guppyfry_snake_entry_island,
          beast_lair_carwin_6
Lair:5:   layout_layer_cave, infiniplex_staircase_pool,
          minmay_lair_oklob_chamber, uniq_sonja
Lair:6:   guppyfry_lair_end_dragon, layout_cave_pods,
          minmay_slime_entry_oklob_open
Shoals:1: layout_shoals
Shoals:2: layout_shoals, serial_shops, shop, nicolae_shop_waterfront,
          nicolae_shop_statue_plus, nicolae_shoals_water_shrine, uniq_louise
Shoals:3: layout_shoals
Shoals:4: shoals_end_grunt_garden, layout_shoals, nicolae_shoals_undead_eyrie
Snake:1:  layout_basic, minmay_shoptagon, uniq_azrael
Snake:2:  layout_chambers, uniq_vashnia
Snake:3:  nicolae_aizul_guard, layout_onion_interference, serial_shops, shop,
          shop, basic_altar, serial_bayou_shore_b, uniq_asterion
Snake:4:  snake_pit_salamanders_mu, layout_onion_interference, drop_trap,
          hangedman_venom_bottle, uniq_aizul, uniq_nikola
Orc:1:    layout_caves, nicolae_orc_lava_room, uniq_jorgrun, uniq_josephine
Orc:2:    grunt_orc_cross, layout_diamond_mine, serial_shops, shop, basic_altar

Skill      XL: |  1  2  3  4  5  6  7  8  9 10 11 12 13 14 15 16 17 18 19 |
---------------+----------------------------------------------------------+-----
Polearms       | 5 6 7 8 10 11 13 14 16 17 18 19 20 21 22 | 22.8
Fighting       | 3 4 5 6 8 9 11 12 13 14 15 16 17 | 17.4
Armour         | 1 2 3 4 5 6 8 9 10 11 12 | 12.5
Shields        | 1 2 3 4 6 7 9 10 11 12 13 | 13.0
Invocations    | 1 3 4 5 6 7 8 9 10 11 13 14 | 14.1
Dodging        | 5 6 |  6.0
Evocations     | 1 |  1.5
Throwing       | |  2.0

Action                   |  1- 3 |  4- 6 |  7- 9 | 10-12 | 13-15 | 16-18 | 19-21 || total
-------------------------+-------+-------+-------+-------+-------+-------+-------++-------
Melee: Trident           |   136 |   213 |   545 |   891 |  1396 |  2151 |   176 ||  5508
       Glaive            |       |       |       |    89 |   180 |       |       ||   269
       Tailslap          |       |       |       |       |     3 |    28 |    19 ||    50
       Spear             |       |       |       |       |    49 |    96 |       ||   145
Invok: Divine Shield     |       |       |       |     1 |       |       |       ||     1
       Summon Divine War |       |       |       |       |     5 |     5 |       ||    10
       Cleansing Flame   |       |       |       |       |     6 |    26 |     9 ||    41
Evoke: Wand              |       |       |       |     5 |     7 |     4 |    24 ||    40
  Use: Scroll            |       |     9 |     5 |     6 |     8 |    10 |     5 ||    43
       Potion            |       |       |     2 |     6 |     9 |    17 |     6 ||    40
  Eat: Chunk             |     1 |     4 |    15 |    19 |    31 |    21 |     1 ||    92
       Ration            |       |       |     2 |       |     1 |     6 |     1 ||    10
Armor: Leather armour    |     1 |       |       |       |       |       |       ||     1
       Chain mail        |    48 |    95 |    88 |       |       |       |       ||   231
       Scale mail        |       |       |    58 |     9 |       |       |       ||    67
       Swamp dragon scal |       |       |       |    73 |       |       |       ||    73
       Gold dragon scale |       |       |       |   155 |   593 |   867 |   171 ||  1786
       Plate armour      |       |       |       |     3 |    47 |       |       ||    50
       Acid dragon scale |       |       |       |       |     1 |       |       ||     1
Dodge: Dodged            |    40 |    43 |    94 |   141 |   173 |   135 |    60 ||   686
Block: Kite shield       |       |    38 |   121 |   114 |       |       |       ||   273
       Tower shield      |       |       |       |   266 |   603 |  1636 |   225 ||  2730
       Reflection        |       |       |       |    17 |    37 |   158 |    25 ||   237

Table legend:
 A = Non-vault XP
 B = Vault XP
 C = Vault XP percentage of total XP
 D = Non-vault monster count
 E = Vault monster count
 F = Vault count percentage of total count
                 A         B        C        D         E       F
            +---------+---------+-------+---------+---------+-------
      Total |  204169 |  138605 |  40.4 |     734 |     268 |  26.7
            +---------+---------+-------+---------+---------+-------
        D:1 |      49 |       0 |   0.0 |      25 |       0 |   0.0
        D:2 |      30 |       0 |   0.0 |      18 |       0 |   0.0
        D:3 |     152 |      37 |  19.6 |      24 |       1 |   4.0
        D:4 |     359 |     128 |  26.3 |      16 |       2 |  11.1
        D:5 |     255 |       0 |   0.0 |      13 |       0 |   0.0
        D:6 |     507 |     328 |  39.3 |      13 |       2 |  13.3
        D:7 |     604 |     403 |  40.0 |       7 |       9 |  56.2
        D:8 |    1239 |       0 |   0.0 |      24 |       0 |   0.0
        D:9 |     927 |     947 |  50.5 |      19 |      14 |  42.4
       D:10 |     910 |       0 |   0.0 |      10 |       0 |   0.0
       D:11 |    5104 |    3868 |  43.1 |      38 |      11 |  22.4
       D:12 |    3834 |     635 |  14.2 |      22 |       4 |  15.4
       D:13 |   11024 |    6887 |  38.5 |      36 |      20 |  35.7
       D:14 |   10413 |    2047 |  16.4 |      43 |       4 |   8.5
       D:15 |   12893 |    7288 |  36.1 |      28 |      12 |  30.0
     Lair:1 |    2834 |       0 |   0.0 |      14 |       0 |   0.0
     Lair:2 |     930 |    4005 |  81.2 |       5 |       3 |  37.5
     Lair:3 |    3063 |     708 |  18.8 |      13 |       6 |  31.6
     Lair:4 |    7425 |    2618 |  26.1 |      26 |       8 |  23.5
     Lair:5 |    5966 |    1975 |  24.9 |      17 |       3 |  15.0
     Lair:6 |   10213 |    4620 |  31.1 |      48 |      17 |  26.2
   Shoals:1 |    8713 |       0 |   0.0 |      21 |       0 |   0.0
   Shoals:2 |   15626 |    7137 |  31.4 |      30 |      11 |  26.8
   Shoals:3 |   10183 |       0 |   0.0 |      24 |       0 |   0.0
   Shoals:4 |   15357 |   11882 |  43.6 |      31 |      20 |  39.2
    Snake:1 |   20362 |    2032 |   9.1 |      44 |       5 |  10.2
    Snake:2 |   21789 |   10380 |  32.3 |      38 |       9 |  19.1
    Snake:3 |   11188 |    8658 |  43.6 |      15 |       5 |  25.0
    Snake:4 |   18217 |   56682 |  75.7 |      34 |      74 |  68.5
      Orc:1 |    3599 |    2507 |  41.1 |      36 |       2 |   5.3
      Orc:2 |     404 |    2571 |  86.4 |       2 |      14 |  87.5
    Ossuary |       0 |     262 | 100.0 |       0 |      12 | 100.0
            +---------+---------+-------+---------+---------+-------
